 Dungeon Crawl Stone Soup version 0.13-a0-1577-g2bae144 (webtiles) character file.

363 Kae the Cudgeler (level 4, -4/54 HPs)
             Began as a Demonspawn Berserker on June 11, 2013.
             Was a Priest of Trog.
             Slain by Grinder (6 damage)
             ... on Level 3 of the Dungeon.
             The game lasted 00:04:15 (2429 turns).

Kae the Cudgeler (Demonspawn Berserker)             Turns: 2429, Time: 00:04:15

HP  -4/54        AC  9     Str 22      XL: 4   Next: 74%
MP   3/3         EV  7     Int  8      God: Trog [***...]
Gold 244         SH  0     Dex 14      Spells:  0 memorised,  3 levels left

Res.Fire  : . . .   See Invis. : .   a - +0 mace
Res.Cold  : . . .   Warding    : .   o - +0 chain mail
Life Prot.: . . .   Conserve   : .   (no shield)
Res.Poison: .       Res.Corr.  : .   (no helmet)
Res.Elec. : .       Clarity    : .   h - +0 cloak
Sust.Abil.: . .     Spirit.Shd : .   (no gloves)
Res.Mut.  : .       Stasis     : .   (no boots)
Res.Rott. : .       Flight     : .   (no amulet)
Saprovore : . . .                    (no ring)
                                     (no ring)

@: berserking (expiring), constricted, very quick, slightly resistant to hostile
enchantments, extremely unstealthy
A: powered by pain 1
a: Burn Spellbooks, Berserk, Trog's Hand, Renounce Religion


You were on level 3 of the Dungeon.
You worshipped Trog.
Trog was greatly pleased with you.
You were not hungry.

You visited 1 branch of the dungeon, and saw 3 of its levels.

You collected 224 gold pieces.

Inventory:

Hand weapons
 a - a +0,+0 mace (weapon)
 r - a +0,+0 sling
Missiles
 t - 49 stones (quivered)
Armour
 b - a +0 animal skin
 h - a +0 cloak (worn)
 o - a +0 chain mail (worn)
Magical devices
 m - a wand of slowing (17)
Comestibles
 c - 6 bread rations
 p - a meat ration
 q - an apricot
Scrolls
 e - a scroll of remove curse
 g - a scroll of teleportation {unknown}
Jewellery
 i - an uncursed ring of ice
 l - a -2 ring of intelligence
Potions
 d - a potion of speed {unknown}
 f - a potion of confusion {unknown}
 j - a potion of might {unknown}
 k - a potion of poison {unknown}


   Skills:
 + Level 3.5 Fighting
 * Level 3.7 Maces & Flails
 + Level 2.2 Armour
 + Level 2.9 Dodging


You had 3 spell levels left.
You didn't know any spells.

Dungeon Overview and Level Annotations

Branches:
Dungeon (3/27)

Altars:
Cheibriados
Elyvilon
Zin
the Shining One

Annotations
D:3 Grinder


Innate Abilities, Weirdness & Mutations

You sometimes gain a little power by taking damage.


Message History

* * * LOW HITPOINT WARNING * * *
You writhe in agony.
* * * LOW HITPOINT WARNING * * *
You closely miss Grinder.
Grinder is heavily wounded.
You closely miss Grinder.
Grinder is heavily wounded.
The ball python bites you.
* * * LOW HITPOINT WARNING * * *
The ball python grabs you.
* * * LOW HITPOINT WARNING * * *
The ball python constricts you. Grinder hits you but does no damage.
You barely miss Grinder.
Grinder is heavily wounded.
The ball python bites you but does no damage.
* * * LOW HITPOINT WARNING * * *
The ball python constricts you. Grinder hits you.
* * * LOW HITPOINT WARNING * * *
You writhe in agony.
You die...

### .........
............
..?..........#
..............#
#......$.......# ##
#..............## .
..........S.......
..........@5.......
######..#######(. #..#
.. #..#
###..#########..######
.......................
......................
..####..#####..####..#
..# #..# #..# .#


You could see Grinder and a ball python.

Vanquished Creatures
  3 adders
  2 gnolls (D:2)
  4 giant geckos
  3 ball pythons
  3 giant cockroaches
  10 hobgoblins
  6 jackals
  10 kobolds
  7 bats
  5 giant newts
  6 goblins
  6 rats
65 creatures vanquished.

Notes
Turn   | Place    | Note
--------------------------------------------------------------
     0 | D:1      | Kae, the Demonspawn Berserker, began the quest for the Orb.
     0 | D:1      | Reached XP level 1. HP: 18/18 MP: 0/0
   442 | D:1      | Gained mutation: You sometimes gain a little power by taking damage. [demonic ancestry]
   442 | D:1      | Reached XP level 2. HP: 10/24 MP: 1/1
  1038 | D:1      | Acquired Trog's second power
  1107 | D:1      | Reached XP level 3. HP: 21/30 MP: 2/2
  1321 | D:2      | Found a snail-covered altar of Cheibriados.
  1698 | D:2      | Reached XP level 4. HP: 30/36 MP: 3/3
  2033 | D:2      | Found a glowing golden altar of the Shining One.
  2035 | D:2      | Found a white marble altar of Elyvilon.
  2038 | D:2      | Found a glowing silver altar of Zin.
  2415 | D:3      | Noticed Grinder
  2429 | D:3      | HP: 2/54 [Grinder (1)]
  2429 | D:3      | Slain by Grinder

Action                   |  1- 3 |  4- 6 || total
-------------------------+-------+-------++-------
Melee: Mace              |   127 |   112 ||   239
Invok: Berserk           |     1 |     1 ||     2
  Use: Scroll            |     1 |     8 ||     9
